 Dungeon Crawl Stone Soup version 0.25.0-9-g26727b6 (webtiles) character file.

Game seed: 9866950610522589206

1847 shmeve the Skirmisher (level 8, -9/109 HPs)
             Began as a Minotaur Berserker on June 21, 2020.
             Was a Priest of Trog.
             Killed from afar by Maggie (20 damage)
             ... with a bolt of fire
             ... on level 6 of the Dungeon.
             The game lasted 00:09:08 (5816 turns).

shmeve the Skirmisher (Minotaur Berserker)          Turns: 5816, Time: 00:09:08

Health: -9/109     AC:  3    Str: 22    XL:     8   Next: 88%
Magic:  7/7        EV: 10    Int:  5    God:    Trog [***...]
Gold:   438        SH:  0    Dex: 11    Spells: 7/7 levels left

rFire    . . .     SeeInvis .   v - +0 war axe
rCold    . . .     Gourm    .   (no shield)
rNeg     . . .     Faith    .   d - +0 chain mail
rPois    .         Spirit   .   (helmet restricted)
rElec    .         Reflect  .   (no cloak)
rCorr    .         Harm     .   w - +0 pair of gloves
MR       ++...                  (no boots)
Stlth    ..........             (no amulet)
HPRegen  1.28/turn              (no ring)
MPRegen  0.10/turn              (no ring)

@: berserking (expiring), corroded, regenerating, very quick
A: retaliatory headbutt, horns 2
a: Berserk, Trog's Hand, Renounce Religion


You were on level 6 of the Dungeon.
You worshipped Trog.
Trog was most pleased with you.
You were near starving.

You visited 1 branch of the dungeon, and saw 6 of its levels.

You collected 438 gold pieces.

Inventory:

Hand Weapons
 v - a +0 war axe (weapon)
 y - a +0 hunting sling
Missiles
 s - 20 sling bullets
Armour
 d - a +0 chain mail (worn)
 w - a +0 pair of gloves (worn)
Jewellery
 m - an uncursed ring of magical power {unknown}
 u - an uncursed amulet of guardian spirit {unknown}
Wands
 b - a wand of flame (16)
Scrolls
 a - 2 scrolls of immolation {unknown}
 g - 3 scrolls of teleportation {unknown}
 h - 3 scrolls of remove curse {unknown}
 j - a scroll of enchant weapon {unknown}
 l - 7 scrolls of identify {unknown}
 o - a scroll of amnesia {unknown}
 p - a scroll of magic mapping {unknown}
 r - a scroll of random uselessness {unknown}
 x - a scroll of noise {unknown}
 C - 2 scrolls of enchant armour {unknown}
 D - a scroll of fog {unknown}
Potions
 e - a potion of flight {unknown}
 f - a potion of heal wounds {unknown}
 i - 2 potions of stabbing {unknown}
 k - a potion of resistance {unknown}
 n - 7 potions of curing {unknown}
 q - 2 potions of might {unknown}
 t - 2 potions of haste {unknown}
 z - a potion of berserk rage {unknown}
 A - a potion of mutation {unknown}
 B - a potion of brilliance {unknown}
 F - a potion of cancellation {unknown}
Comestibles
 c - 12 rations


   Skills:
 - Level 7.1 Fighting
 - Level 7.1 Axes
 * Level 5.4(6.5) Slings
 + Level 4.9(5.9) Throwing
 - Level 4.9 Armour
 - Level 4.5 Dodging


You had 7 spell levels left.
You didn't know any spells.
Your spell library was empty.

Dungeon Overview and Level Annotations

Branches:
Dungeon (6/15)             Temple (0/1) D:4

Altars:
Ashenzari
Dithmenos
Elyvilon
Hepliaklqana
Makhleb
Okawaru
Sif Muna
Vehumet
Zin

Annotations:
D:6 Maggie


Innate Abilities, Weirdness & Mutations

You reflexively headbutt those who attack you in melee.
You have a pair of horns on your head.


Message History

Maggie is heavily wounded.
Maggie closely misses you.
You slash Maggie!
Maggie is severely wounded.
Maggie barely misses you.
Your chain mail prevents you from hitting Maggie.
You headbutt Maggie, but do no damage.
Maggie is severely wounded.
You slash Maggie!
Maggie is almost dead.
Maggie casts a spell.
You closely miss Maggie.
Maggie is almost dead.
Maggie hits you with a +0 morningstar.
* * * LOW HITPOINT WARNING * * *
You barely miss Maggie. Your headbutt misses Maggie.
Maggie is almost dead.
Maggie points at you and mumbles some strange words.
The bolt of fire hits you!!
You die...

#..........#.#.###.......
##########.#.......##....
#.###.......#...
#...)...##.##... ##
#######.#...#... ###.
#.#.#.#... ... #.._..#.##
##.########.#.###...
#.@@............#...
###########'#####...
..........>.......
####### ######...........
......# #.........##
#.###.# #####
#........... #.# #.#
#...# #.#'######## #.#
#.###.#.# #.#.# #.#
#.....#.######
#.#'########


You could see Maggie.

Vanquished Creatures
  Grinder (D:6)
  A black bear (D:6)
  An ogre (D:4)
  A sky beast (D:6)
  A centaur (D:6)
  3 bullfrogs (D:6)
  2 scorpions
  A water moccasin skeleton (D:4)
  2 crimson imps (D:5)
  2 bullfrog zombies (D:5)
  5 hounds
  3 jellies
  3 orc wizards
  4 orc priests
  A bullfrog skeleton (D:5)
  3 iguanas
  Terence (D:2)
  2 worker ants
  A hound skeleton (D:4)
  3 gnolls (D:4)
  5 adders
  3 oozes
  2 worms
  2 leopard geckos
  19 orcs
  6 giant cockroaches
  8 hobgoblins
  7 jackals
  5 quokkas
  A ball python (D:5)
  6 bats
  5 frilled lizards
  A giant cockroach zombie (D:5)
  8 goblins
  13 kobolds
  8 rats
140 creatures vanquished.

Notes
Turn   | Place    | Note
-------+----------+-------------------------------------------
     0 | D:1      | shmeve the Minotaur Berserker began the quest for the Orb.
     0 | D:1      | Reached XP level 1. HP: 19/19 MP: 0/0
   225 | D:1      | Reached XP level 2. HP: 25/27 MP: 1/1
   495 | D:1      | Reached XP level 3. HP: 33/33 MP: 2/2
  1181 | D:2      | Reached skill level 1 in Throwing
  1230 | D:2      | Found a glowing silver altar of Zin.
  1230 | D:2      | Found a transporter.
  1241 | D:2      | Found a transporter.
  1267 | D:2      | Reached XP level 4. HP: 16/41 MP: 3/3
  1659 | D:2      | Reached ** piety under Trog
  1715 | D:2      | Found a shattered altar of Ashenzari.
  1770 | D:2      | Noticed Terence
  1777 | D:2      | Killed Terence
  1838 | D:3      | Found a shadowy altar of Dithmenos.
  1872 | D:3      | Reached XP level 5. HP: 47/47 MP: 4/4
  2029 | D:3      | Found a radiant altar of Vehumet.
  2083 | D:3      | Reached skill level 5 in Fighting
  2261 | D:3      | Found a shimmering blue altar of Sif Muna.
  2335 | D:3      | Reached skill level 5 in Axes
  2474 | D:4      | Reached XP level 6. HP: 37/56 MP: 5/5
  2865 | D:4      | Found a staircase to the Ecumenical Temple.
  3054 | D:4      | Reached *** piety under Trog
  3054 | D:4      | Reached XP level 7. HP: 62/62 MP: 6/6
  3343 | D:4      | Found a white marble altar of Elyvilon.
  3788 | D:5      | Entered Level 5 of the Dungeon
  4260 | D:5      | Found an iron altar of Okawaru.
  4650 | D:6      | Reached XP level 8. HP: 57/73 MP: 7/7
  4793 | D:6      | Reached skill level 1 in Slings
  4798 | D:6      | Found a hazy altar of Hepliaklqana.
  4855 | D:6      | Found a burning altar of Makhleb.
  5452 | D:6      | Noticed Grinder
  5462 | D:6      | Killed Grinder
  5462 | D:6      | Reached skill level 5 in Slings
  5799 | D:6      | Noticed Maggie
  5816 | D:6      | Killed from afar by Maggie

Illustrated notes

Levels and vault maps discovered:
D:1:      lightli_molten_gateway, layout_loops_corners, minmay_tree_intersection
D:2:      layout_loops_ring, gammafunk_temple_overflow_arena,
          ashenzari_conservatory_becter, uniq_terence
D:3:      layout_rooms, led_sif_book, grunt_dithmenos_smoke_and_mirrors,
          old_standard_altar, first_ration
D:4:      layout_loops_corners, elyvilon_altar_3, minmay_temple_entry_junction_2
D:5:      layout_rooms, lemuel_doored_altar
D:6:      layout_basic, lemuel_crystal_altar, makhleb_heckhound_becter,
          chequers_serial_rivers_micro_d, uniq_maggie, uniq_grinder

Skill      XL: |  1  2  3  4  5  6  7  8 |
---------------+-------------------------+-----
Fighting       | 4 5 7 |  7.1
Axes           | 4 5 7 |  7.1
Throwing       | 1 2 3 4 |  4.9
Armour         | 3 4 |  4.9
Dodging        | 3 4 |  4.5
Slings         | 5 |  5.4

Action                   |  1- 3 |  4- 6 |  7- 9 || total
-------------------------+-------+-------+-------++-------
Melee: Hand axe          |    90 |   113 |    21 ||   224
       Headbutt          |    12 |    12 |    37 ||    61
       War axe           |       |       |   156 ||   156
Invok: Berserk           |     1 |     3 |     3 ||     7
       Trog's Hand       |       |       |     2 ||     2
  Eat: Chunk             |     2 |     8 |    11 ||    21
Armor: Chain mail        |    49 |    57 |   113 ||   219
Dodge: Dodged            |    47 |    72 |    96 ||   215
